 Dungeon Crawl Stone Soup version 0.30-a0-924-g0ad0bf95bc (webtiles) character file.

Game seed: 7327115666670626090

200 retardedninja the Magician (level 5, -4/28 HPs)
             Began as a Deep Elf Conjurer on Mar 22, 2023.
             Slain by a hobgoblin (6 damage)
             ... led by Robin
             ... on level 3 of the Dungeon.
             The game lasted 00:06:52 (2895 turns).

retardedninja the Magician (Deep Elf Conjurer)      Turns: 2895, Time: 00:06:53

Health: -4/28      AC:  2    Str:  6    XL:     5   Next: 48%
Magic:  1/14       EV: 13    Int: 23    God:
Gold:   222        SH:  0    Dex: 13    Spells: 11/14 levels left

rFire   . . .      SeeInvis .    a - +1 dagger (venom)
rCold   . . .      Faith    .    (no shield)
rNeg    . . .      Spirit   .    d - +0 robe
rPois   .          Reflect  .    (no helmet)
rElec   .          Rampage  .    (no cloak)
rCorr   .                        (no gloves)
Will    .....                    (no boots)
Stlth   ++                       (no amulet)
HPRegen 0.24/turn                (no ring)
MPRegen 0.14/turn                (no ring)

@: mighty
A: no striking features
a: no special abilities


You were on level 3 of the Dungeon.
You visited 1 branch of the dungeon, and saw 3 of its levels.

You collected 222 gold pieces.

Inventory:

Hand Weapons
 a - a +1 dagger of venom (weapon)
Missiles
 j - 4 javelins (quivered)
Armour
 d - a +0 robe (worn)
Jewellery
 k - a +6 ring of dexterity
Scrolls
 g - 2 scrolls of identify {unknown}
 h - a scroll of immolation {unknown}
 i - 2 scrolls of magic mapping {unknown}
Potions
 b - 2 potions of heal wounds {unknown}
 c - a potion of might
 e - a potion of degeneration {unknown}


   Skills:
 + Level 3.8 Dodging
 + Level 3.9 Stealth
 * Level 5.4 Spellcasting
 + Level 5.1 Conjurations


You had 11 spell levels left.
You knew the following spells:

 Your Spells              Type           Power      Damage    Failure   Level
a - Magic Dart            Conj           100%       1d8       1%          1
b - Searing Ray           Conj           60%        2d6       1%          2

Your spell library contained the following spells:

 Spells                   Type           Power      Damage    Failure   Level
 Sandblast                Erth           12%        2d6       9%          1
 Dazzling Flash           Conj/Hex       36%        N/A       10%         3
 Stone Arrow              Conj/Erth      36%        3d9       10%         3
 Passwall                 Tmut/Erth      5%         N/A       14%         2
 Kindle Blastsparks       Fire/Tloc/Air  12%        2d11      26%         3
 Fulminant Prism          Conj/Hex       9%         3d6       30%         4
 Iskenderun's Mystic Bla  Conj/Tloc      18%        2d6       30%         4
 Lee's Rapid Deconstruct  Erth           3%         3d5*      94%         5


Dungeon Overview and Level Annotations

Branches:
Dungeon (3/15)

Altars:
Uskayaw

Shops:
D:2 *


Message History

The hobgoblin hits you. Robin closely misses you.
Unknown command.
Unknown command.
Casting: Searing Ray (safe; 1% risk of failure)
Confirm with . or Enter, or press ? or * to list all spells.
Aiming: Searing Ray (safe; 1% risk of failure)
Press: ? - help, Shift-Dir - straight line, f/p - Robin
Aim: Robin, wielding a +0 club, wearing a +2 animal skin and wearing a +0 helmet (heavily wounded, 85% to hit)
The searing ray hits Robin.
Robin is almost dead. (Press . to maintain the ray.)
The hobgoblin hits you. Robin hits you with a +0 club.
Unknown command.
Unknown command.
You barely miss Robin.
Robin is almost dead.
The hobgoblin hits you. Robin barely misses you.
You hit Robin but do no damage.
Robin is poisoned.
Robin is almost dead.
The hobgoblin hits you.
* * * LOW HITPOINT WARNING * * *
Robin closely misses you.
You hit Robin but do no damage.
Robin looks as sick as possible!
Robin is almost dead.
You kill Robin!
The hobgoblin barely misses you.
You hit the hobgoblin.
The hobgoblin is lightly wounded.
The hobgoblin hits you.
* * * LOW HITPOINT WARNING * * *
The hobgoblin closely misses you.
Unknown command.
You feel better. The hobgoblin hits you.
* * * LOW HITPOINT WARNING * * *
The hobgoblin hits you.
* * * LOW HITPOINT WARNING * * *
It was a potion of might.
You feel very mighty all of a sudden. The hobgoblin hits you.
You die...

#......# #......# #......#
########......###
........#.##....#
#######.#.##.##.# #.#.##.#
# # #.#.##.##
..########@#####.####
........)gg##.......#
........)...#.#._.#.#
..........###.......##
.#..))....##.........#
..........##...8.8...#
..........#^.........#### #
#..).........8.....8..... .
##.#########.........######


You could see 2 hobgoblins.

Vanquished Creatures
  An orc priest (D:3)
  Natasha (twice) (D:3)
  Robin (D:3)
  4 adders
  A worm (D:2)
  3 orcs (D:3)
  3 ball pythons
  A bat (D:2)
  3 endoplasms
  3 giant cockroaches
  12 goblins
  11 hobgoblins
  A jackal (D:2)
  2 quokkas
  5 frilled lizards
  7 kobolds
  6 rats
66 creatures vanquished.

Notes
Turn   | Place    | Note
-------+----------+-------------------------------------------
     0 | D:1      | retardedninja the Deep Elf Conjurer began the quest for the
                  | Orb.
     0 | D:1      | Reached XP level 1. HP: 10/10 MP: 6/6
   273 | D:1      | Reached XP level 2. HP: 15/15 MP: 8/8
   609 | D:1      | Found a faded altar of an unknown god.
   877 | D:2      | Reached XP level 3. HP: 14/19 MP: 0/10
  1354 | D:2      | Found Wiawnaiq's General Store.
  2083 | D:2      | Learned a level 2 spell: Searing Ray
  2103 | D:2      | Reached XP level 4. HP: 20/24 MP: 2/12
  2476 | D:3      | Reached skill level 5 in Conjurations
  2590 | D:3      | Noticed Natasha
  2597 | D:3      | Killed Natasha
  2598 | D:3      | Reached skill level 5 in Spellcasting
  2598 | D:3      | Reached XP level 5. HP: 7/28 MP: 4/14
  2605 | D:3      | Noticed Natasha
  2622 | D:3      | Killed Natasha
  2828 | D:3      | Found a hide-covered altar of Uskayaw.
  2875 | D:3      | Noticed Robin
  2892 | D:3      | Killed Robin
  2895 | D:3      | Slain by a hobgoblin

Illustrated notes

Levels and vault maps discovered:
D:1:      giann_wishing_wells, layout_basic,
          shapermc_ecumenical_altar_totnotflames
D:2:      minmay_chambers_of_twos, layout_loops_corners, serial_shops,
          shop_fountains, kennysheep_another_room, hangedman_glass_teeth,
          serial_bayou_pond_b, minmay_misc_feat_iff
D:3:      layout_basic, nicolae_uskayaw_dance_hall, dreamdust_wishing_well,
          uniq_robin, uniq_natasha

Skill      XL: |  1  2  3  4 |
---------------+-------------+-----
Stealth        | 3 |  3.9
Dodging        | 3 |  3.8
Spellcasting   | 4 5 |  5.4
Conjurations   | 5 |  5.1

Action                     |  1- 3 |  4- 6 || total
---------------------------+-------+-------++-------
  Melee: Dagger            |     9 |    24 ||    33
  Throw: Javelin           |       |    11 ||    11
   Cast: Magic Dart        |    75 |     6 ||    81
         Searing Ray       |     4 |    21 ||    25
    Use: Potion            |     1 |     4 ||     5
   Stab: Sleeping          |       |     1 ||     1
 Armour: Robe              |       |     1 ||     1
  Dodge: Dodged            |    19 |    31 ||    50

Table legend: (Time is in decaauts)
 A = Elapsed time spent in this place.
 B = Non-inter-level travel time spent in this place.
 C = Inter-level travel time spent in this place.
 D = Time resting spent in this place.
 E = Time spent auto-exploring this place.
 F = Levels seen in this place.
 G = Mean time per level.
                   A        B        C        D        E       F      G
               +--------+--------+--------+--------+--------+-----+--------+
         Total |   2907 |   2765 |    142 |    679 |   1696 |   3 |  969.0 |
       Dungeon |   2907 |   2765 |    142 |    679 |   1696 |   3 |  969.0 |
               +--------+--------+--------+--------+--------+-----+--------+

Top non-repeatable levels by time:
     D:2: 1432 daAuts
     D:1: 986 daAuts
     D:3: 488 daAuts
